General information
- name: BNet
- type: Ladder team game (AT/RT)
- host: Battle.net
- saver: Mata.
map: Friends
- players: 8
- length: 121:59
- speed: Fast
- version: 1.21 W3XP
- replay type:

» download(1440 KB)
Players
team 1 (loser)
GOKUMaN69 (
orange | 50 APM | 6046 actions | 121:38)
10 Archmage
3 Summon Water Elemental
3 Brilliance Aura
1 Mass Teleport
3 Blizzard
7 Mountain King
3 Storm Bolt
3 Bash
1 Avatar
8 Paladin
3 Divine Shield
3 Holy Light
2 Devotion Aura
» actions
| Assign group hotkey | 3 | |
| Basic commands | 16 | |
| Build / train | 301 | |
| Enter build submenu | 51 | |
| Enter hero's abilities submenu | 24 | |
| Remove unit from queue | 4 | |
| Right click | 2935 | |
| Select / deselect | 2063 | |
| Select group hotkey | 167 | |
| Use ability | 482 | |
6046 total
» units
| Peasant | 38 | |
| Footman | 11 | |
| Mortar Team | 19 | |
| Flying Machine | 149 | |
| Goblin Zeppelin | 2 | |
219 total
» upgrades
| Defend | 1 | |
| Armor | 1 | |
| Swords | 1 | |
| Lumber Harvesting | 2 | |
| Masonry | 3 | |
| Flare | 1 | |
| Fragmentation Shards | 1 | |
| Flak Cannons | 1 | |
| Gunpowder | 3 | |
| Plating | 3 | |
17 total
» buildings
| Altar of Kings | 3 | |
| Farm | 20 | |
| Barracks | 1 | |
| Scout Tower | 11 | |
| Arcane Tower | 2 | |
| Arcane Vault | 1 | |
| Keep | 3 | |
| Blacksmith | 4 | |
| Workshop | 6 | |
| Lumber Mill | 2 | |
| Guard Tower | 2 | |
| Town Hall | 1 | |
| Castle | 2 | |
58 total
» build order
00:07 Altar of Kings
00:26 Farm
00:42 Barracks
01:05 Farm
01:32 Scout Tower
03:07 Scout Tower
03:10 Farm
03:46 Arcane Tower
03:50 Arcane Tower
04:45 Arcane Vault
05:52 Farm
05:53 Keep
06:08 Blacksmith
06:11 Farm
08:33 Workshop
08:34 Workshop
08:40 Scout Tower
09:08 Scout Tower
09:41 Lumber Mill
10:22 Farm
10:42 Scout Tower
12:16 Farm
12:40 Guard Tower
12:40 Guard Tower
24:07 Farm
25:58 Keep
27:12 Town Hall
28:44 Altar of Kings
28:47 Blacksmith
29:54 Scout Tower
29:57 Castle
31:02 Workshop
31:03 Workshop
31:47 Workshop
31:48 Workshop
33:01 Farm
33:02 Farm
33:49 Farm
33:50 Farm
33:51 Farm
34:19 Farm
35:03 Lumber Mill
35:53 Keep
41:33 Altar of Kings
41:34 Farm
42:16 Farm
42:18 Farm
43:48 Castle
46:18 Scout Tower
46:22 Farm
46:56 Farm
57:10 Farm
57:17 Blacksmith
57:29 Scout Tower
57:29 Scout Tower
57:30 Scout Tower
57:30 Scout Tower
88:42 Blacksmith
» items
| Scroll of Regeneration | 3 | |
| Lesser Clarity Potion | 2 | |
| Tiny Great Hall | 1 | |
| Healing Salve | 1 | |
| Potion of Healing | 2 | |
| Potion of Mana | 1 | |
| Scroll of Town Portal | 1 | |
11 total
goonswithspoons (
pink | 87 APM | 10613 actions | 121:58)
10 Warden
3 Shadow Strike
3 Blink
1 Spirit of Vengeance
3 Fan of Knives
» actions
| Assign group hotkey | 52 | |
| Basic commands | 157 | |
| Build / train | 234 | |
| Enter build submenu | 47 | |
| Enter hero's abilities submenu | 10 | |
| Remove unit from queue | 5 | |
| Right click | 5262 | |
| Select / deselect | 1386 | |
| Select group hotkey | 2932 | |
| Use ability | 528 | |
10613 total
» units
| Wisp | 75 | |
| Hippogryph | 59 | |
| Chimaera | 13 | |
| Archer | 17 | |
| Dryad | 6 | |
170 total
» upgrades
| Druid of the Talon Training | 2 | |
| Ultravision | 1 | |
| Strength of the Wild | 3 | |
| Reinforced Hides | 3 | |
| Corrosive Breath | 1 | |
| Well Spring | 1 | |
| Nature's Blessing | 1 | |
| Hippogryph Taming | 1 | |
| Improved Bows | 1 | |
| Marksmanship | 1 | |
| Strength of the Moon | 3 | |
| Moon Armor | 3 | |
| Sentinel | 1 | |
| Upgrade Moon Glaive | 1 | |
| Vorpal Blades | 1 | |
| Mark of the Talon | 1 | |
| Abolish Magic | 1 | |
| Druid of the Claw Training | 0 | |
26 total
» buildings
| Altar of Elders | 1 | |
| Moon Well | 22 | |
| Tree of Ages | 3 | |
| Hunter's Hall | 1 | |
| Ancient of Wind | 7 | |
| Ancient of Wonders | 1 | |
| Tree of Eternity | 1 | |
| Chimaera Roost | 3 | |
| Tree of Life | 9 | |
| Ancient Protector | 4 | |
| Ancient of War | 2 | |
| Ancient of Lore | 2 | |
56 total
» build order
00:06 Altar of Elders
00:08 Moon Well
04:29 Moon Well
05:15 Moon Well
05:16 Moon Well
05:18 Moon Well
05:20 Moon Well
06:56 Moon Well
06:57 Moon Well
07:58 Moon Well
08:53 Tree of Ages
10:35 Moon Well
12:30 Hunter's Hall
14:03 Ancient of Wind
16:05 Ancient of Wonders
16:41 Ancient of Wind
17:34 Tree of Eternity
24:27 Chimaera Roost
24:28 Chimaera Roost
24:30 Chimaera Roost
32:47 Tree of Life
33:17 Moon Well
33:18 Moon Well
34:31 Moon Well
37:25 Moon Well
37:25 Moon Well
40:00 Tree of Life
41:31 Moon Well
44:43 Tree of Life
56:15 Tree of Life
58:43 Ancient Protector
58:49 Ancient Protector
58:55 Ancient Protector
60:53 Ancient of Wind
66:04 Ancient of War
67:21 Ancient of War
76:01 Moon Well
76:03 Moon Well
76:04 Moon Well
76:06 Moon Well
76:09 Moon Well
82:57 Ancient of Wind
83:07 Ancient of Lore
83:10 Ancient of Lore
83:18 Moon Well
85:09 Tree of Ages
89:22 Ancient of Wind
89:23 Ancient of Wind
89:31 Ancient of Wind
95:46 Ancient Protector
99:13 Tree of Life
100:03 Tree of Life
106:34 Tree of Ages
108:10 Tree of Life
110:33 Tree of Life
114:46 Tree of Life
» items
| Potion of Healing | 2 | |
| Lesser Clarity Potion | 2 | |
| Orb of Venom | 1 | |
| Mana Stone | 1 | |
| Scroll of Town Portal | 11 | |
| Healing Salve | 1 | |
18 total
NADMaN (
green | 172 APM | 20935 actions | 121:37)
10 Blademaster
3 Wind Walk
3 Critical Strike
1 Bladestorm
3 Mirror Image
10 Tauren Chieftain
3 War Stomp
3 Endurance Aura
1 Reincarnation
3 Shockwave
5 Shadow Hunter
2 Healing Wave
3 Hex
» actions
| Assign group hotkey | 66 | |
| Basic commands | 467 | |
| Build / train | 329 | |
| ESC pressed | 22 | |
| Enter build submenu | 151 | |
| Enter hero's abilities submenu | 25 | |
| Give item / drop item | 7 | |
| Right click | 8792 | |
| Select / deselect | 2671 | |
| Select group hotkey | 7022 | |
| Use ability | 1383 | |
20935 total
» units
| Peon | 100 | |
| Grunt | 6 | |
| Wind Rider | 5 | |
| Shaman | 14 | |
| Troll Batrider | 34 | |
| Tauren | 17 | |
| Spirit Walker | 8 | |
| Troll Witch Doctor | 12 | |
| Goblin Zeppelin | 7 | |
203 total
» upgrades
| Ranged Weapons | 5 | |
| Shaman Training | 5 | |
| Spirit Walker Training | 2 | |
| Reinforced Defenses | 1 | |
| Pulverize | 1 | |
| Witch Doctor Training | 2 | |
| Liquid Fire | 1 | |
| Armor | 3 | |
| Melee Weapons | 1 | |
21 total
» buildings
| Altar of Storms | 14 | |
| Orc Burrow | 22 | |
| Barracks | 2 | |
| War Mill | 3 | |
| Watch Tower | 65 | |
| Stronghold | 13 | |
| Voodoo Lounge | 5 | |
| Beastiary | 9 | |
| Fortress | 6 | |
| Spirit Lodge | 7 | |
| Tauren Totem | 5 | |
| Great Hall | 27 | |
178 total
» build order
00:06 Altar of Storms
00:16 Orc Burrow
00:41 Barracks
01:05 War Mill
01:28 Orc Burrow
02:22 Watch Tower
02:22 Watch Tower
03:04 Stronghold
03:33 Watch Tower
03:36 Watch Tower
05:36 Watch Tower
05:36 Watch Tower
05:38 Watch Tower
05:39 Voodoo Lounge
05:55 Beastiary
05:55 Beastiary
05:57 Orc Burrow
06:35 Orc Burrow
06:39 Watch Tower
07:07 Watch Tower
07:13 Watch Tower
07:14 Watch Tower
07:15 Watch Tower
07:23 Orc Burrow
07:45 Watch Tower
08:02 Watch Tower
08:12 Watch Tower
08:46 Watch Tower
09:13 Barracks
09:17 Watch Tower
09:34 Watch Tower
09:53 Watch Tower
10:54 Fortress
11:10 Spirit Lodge
11:51 Spirit Lodge
12:36 Watch Tower
12:37 Watch Tower
14:04 Tauren Totem
14:21 Tauren Totem
14:37 Great Hall
14:40 Watch Tower
15:41 Beastiary
15:45 Watch Tower
16:38 Voodoo Lounge
16:49 Watch Tower
19:09 Orc Burrow
19:10 Orc Burrow
19:11 Orc Burrow
19:11 Orc Burrow
27:37 Watch Tower
27:39 Watch Tower
27:40 Watch Tower
27:41 Watch Tower
27:43 Watch Tower
27:44 Watch Tower
27:44 Watch Tower
29:22 Orc Burrow
29:23 Orc Burrow
32:34 Great Hall
38:15 Great Hall
38:28 Great Hall
41:27 Great Hall
41:31 Orc Burrow
41:32 Orc Burrow
43:21 Great Hall
47:03 Great Hall
48:03 Great Hall
48:34 Great Hall
49:11 Orc Burrow
49:12 Orc Burrow
49:13 Orc Burrow
51:38 Great Hall
58:33 War Mill
58:35 War Mill
58:37 Stronghold
58:37 Stronghold
58:37 Stronghold
58:48 Great Hall
59:20 Orc Burrow
61:22 Altar of Storms
61:23 Altar of Storms
62:34 Altar of Storms
63:12 Altar of Storms
63:12 Altar of Storms
64:19 Altar of Storms
65:05 Altar of Storms
65:05 Altar of Storms
65:09 Spirit Lodge
65:20 Great Hall
65:46 Altar of Storms
66:13 Fortress
66:13 Fortress
66:13 Fortress
66:24 Spirit Lodge
66:27 Spirit Lodge
67:57 Orc Burrow
67:58 Orc Burrow
70:13 Great Hall
70:25 Tauren Totem
70:28 Tauren Totem
71:18 Great Hall
73:16 Great Hall
75:50 Beastiary
75:52 Beastiary
78:23 Great Hall
78:59 Beastiary
82:59 Spirit Lodge
83:00 Spirit Lodge
84:49 Tauren Totem
85:22 Watch Tower
85:22 Watch Tower
85:23 Watch Tower
85:24 Watch Tower
85:25 Watch Tower
85:25 Watch Tower
85:26 Watch Tower
85:27 Watch Tower
85:28 Watch Tower
85:30 Watch Tower
85:31 Watch Tower
87:18 Great Hall
88:52 Watch Tower
88:54 Watch Tower
88:55 Watch Tower
88:57 Watch Tower
88:58 Watch Tower
94:13 Altar of Storms
94:16 Altar of Storms
94:28 Altar of Storms
94:36 Great Hall
97:31 Great Hall
98:02 Great Hall
100:34 Stronghold
101:30 Voodoo Lounge
102:34 Great Hall
102:37 Stronghold
102:38 Stronghold
102:41 Stronghold
102:41 Stronghold
107:42 Beastiary
107:42 Beastiary
107:43 Beastiary
109:48 Great Hall
109:49 Watch Tower
109:49 Watch Tower
110:32 Great Hall
110:33 Fortress
110:34 Fortress
110:35 Voodoo Lounge
110:52 Watch Tower
110:53 Watch Tower
110:54 Watch Tower
110:54 Watch Tower
110:56 Watch Tower
112:07 Great Hall
112:10 Watch Tower
112:12 Watch Tower
112:12 Watch Tower
112:13 Watch Tower
112:14 Watch Tower
112:14 Watch Tower
112:15 Watch Tower
112:16 Watch Tower
112:16 Watch Tower
112:17 Watch Tower
112:17 Watch Tower
113:00 Voodoo Lounge
114:14 Great Hall
115:47 Stronghold
115:47 Stronghold
115:47 Stronghold
115:52 Orc Burrow
116:03 Great Hall
117:58 Altar of Storms
118:16 Great Hall
119:06 Orc Burrow
119:07 Orc Burrow
» items
| Healing Wards | 1 | |
| Sobi Mask | 1 | |
| Belt of Giant Strength +6 | 3 | |
| Orb of Lightning | 2 | |
| Scroll of Town Portal | 17 | |
| Staff of Preservation | 3 | |
| Potion of Healing | 2 | |
| Anti-magic Potion | 2 | |
| Orb of Venom | 1 | |
| Inferno Stone | 3 | |
| Tiny Great Hall | 1 | |
| Health Stone | 1 | |
37 total
OOLONG420 (
purple | 132 APM | 16095 actions | 121:43)
10 Archmage
3 Summon Water Elemental
3 Brilliance Aura
1 Mass Teleport
3 Blizzard
6 Mountain King
3 Storm Bolt
2 Bash
1 Avatar
10 Pit Lord
3 Rain of Fire
3 Cleaving Attack
1 Doom
3 Howl of Terror
» actions
| Assign group hotkey | 5003 | |
| Basic commands | 301 | |
| Build / train | 244 | |
| ESC pressed | 9 | |
| Enter build submenu | 83 | |
| Enter hero's abilities submenu | 26 | |
| Give item / drop item | 2 | |
| Remove unit from queue | 1 | |
| Right click | 4781 | |
| Select / deselect | 1273 | |
| Select group hotkey | 3090 | |
| Use ability | 1282 | |
16095 total
» units
| Peasant | 23 | |
| Footman | 14 | |
| Dragonhawk Rider | 57 | |
| Goblin Shredder | 1 | |
| Goblin Zeppelin | 1 | |
| Sorceress | 1 | |
97 total
» upgrades
| Cloud | 1 | |
| Masonry | 3 | |
| Armor | 3 | |
| Sorceress Training | 1 | |
| Storm Hammers | 1 | |
| Swords | 3 | |
| Animal War Training | 1 | |
13 total
» buildings
| Altar of Kings | 3 | |
| Lumber Mill | 3 | |
| Farm | 21 | |
| Barracks | 2 | |
| Scout Tower | 69 | |
| Arcane Tower | 1 | |
| Keep | 2 | |
| Guard Tower | 25 | |
| Gryphon Aviary | 5 | |
| Castle | 2 | |
| Arcane Vault | 2 | |
| Blacksmith | 3 | |
| Town Hall | 2 | |
| Workshop | 1 | |
| Cannon Tower | 9 | |
| Arcane Sanctum | 1 | |
151 total
» build order
00:07 Altar of Kings
00:21 Lumber Mill
00:34 Farm
01:06 Barracks
01:28 Farm
01:41 Scout Tower
02:01 Farm
02:15 Arcane Tower
04:01 Keep
04:04 Farm
04:33 Scout Tower
04:49 Guard Tower
04:49 Guard Tower
04:50 Guard Tower
04:50 Guard Tower
05:06 Scout Tower
05:34 Guard Tower
06:44 Gryphon Aviary
06:45 Gryphon Aviary
06:46 Farm
06:47 Farm
07:17 Castle
07:56 Farm
08:20 Arcane Vault
12:12 Scout Tower
12:12 Scout Tower
12:13 Scout Tower
12:14 Scout Tower
12:25 Blacksmith
13:08 Guard Tower
13:08 Guard Tower
13:08 Guard Tower
19:00 Lumber Mill
26:43 Town Hall
27:44 Scout Tower
27:45 Scout Tower
27:46 Scout Tower
27:46 Scout Tower
27:47 Scout Tower
27:48 Scout Tower
27:49 Scout Tower
27:51 Scout Tower
27:52 Scout Tower
27:53 Scout Tower
27:53 Scout Tower
28:27 Guard Tower
28:38 Guard Tower
29:10 Altar of Kings
29:25 Guard Tower
29:40 Guard Tower
29:52 Guard Tower
31:10 Farm
31:10 Farm
32:52 Scout Tower
32:53 Scout Tower
32:53 Scout Tower
32:53 Scout Tower
33:02 Farm
33:41 Guard Tower
34:26 Guard Tower
34:28 Guard Tower
34:29 Guard Tower
34:29 Guard Tower
36:09 Keep
36:40 Blacksmith
36:51 Arcane Vault
37:32 Blacksmith
39:01 Lumber Mill
40:23 Gryphon Aviary
40:24 Gryphon Aviary
40:27 Farm
40:28 Farm
40:29 Farm
41:33 Scout Tower
41:33 Scout Tower
41:33 Scout Tower
41:34 Scout Tower
41:34 Scout Tower
41:34 Scout Tower
41:34 Scout Tower
41:35 Scout Tower
41:47 Farm
41:48 Farm
43:14 Workshop
44:25 Castle
44:51 Scout Tower
44:52 Scout Tower
44:52 Scout Tower
44:54 Scout Tower
44:54 Scout Tower
44:55 Scout Tower
44:55 Scout Tower
44:55 Scout Tower
44:56 Scout Tower
44:56 Scout Tower
44:57 Scout Tower
44:57 Scout Tower
44:58 Scout Tower
46:17 Guard Tower
47:46 Cannon Tower
48:58 Arcane Sanctum
52:13 Scout Tower
52:13 Scout Tower
52:13 Scout Tower
52:13 Scout Tower
52:15 Scout Tower
52:15 Scout Tower
52:16 Scout Tower
52:16 Scout Tower
52:18 Scout Tower
52:19 Scout Tower
52:19 Scout Tower
52:20 Scout Tower
52:21 Scout Tower
52:21 Scout Tower
52:22 Scout Tower
52:22 Scout Tower
52:22 Scout Tower
52:23 Scout Tower
53:19 Guard Tower
53:28 Cannon Tower
53:42 Cannon Tower
53:49 Cannon Tower
53:49 Cannon Tower
53:49 Cannon Tower
53:50 Cannon Tower
54:05 Guard Tower
54:30 Guard Tower
54:55 Guard Tower
54:58 Scout Tower
54:59 Scout Tower
54:59 Scout Tower
54:59 Scout Tower
55:00 Scout Tower
55:00 Scout Tower
56:05 Guard Tower
57:21 Barracks
60:37 Gryphon Aviary
60:43 Farm
60:43 Farm
60:45 Farm
60:45 Farm
65:48 Town Hall
82:44 Altar of Kings
116:32 Farm
116:33 Farm
» items
| Scroll of Town Portal | 12 | |
| Orb of Lightning | 2 | |
| Healing Salve | 1 | |
| Scroll of Speed | 1 | |
| Scroll of Regeneration | 11 | |
| Staff of Sanctuary | 6 | |
| Potion of Healing | 7 | |
| Scroll of Restoration | 1 | |
| Ankh of Reincarnation | 2 | |
| Belt of Giant Strength +6 | 1 | |
| Wand of the Wind | 1 | |
| Lesser Clarity Potion | 2 | |
| Potion of Mana | 1 | |
| Robe of the Magi +6 | 1 | |
| Health Stone | 1 | |
| Alleria's Flute of Accuracy | 3 | |
53 total
team 2 (winner)
bLinn (
red | 123 APM | 14991 actions | 121:59)
10 Archmage
3 Summon Water Elemental
3 Brilliance Aura
1 Mass Teleport
3 Blizzard
10 Mountain King
3 Storm Bolt
3 Bash
3 Thunder Clap
1 Avatar
10 Paladin
3 Holy Light
3 Divine Shield
3 Devotion Aura
1 Resurrection
» actions
| Assign group hotkey | 357 | |
| Basic commands | 139 | |
| Build / train | 295 | |
| ESC pressed | 3 | |
| Enter build submenu | 93 | |
| Enter hero's abilities submenu | 31 | |
| Give item / drop item | 16 | |
| Remove unit from queue | 21 | |
| Right click | 6738 | |
| Select / deselect | 2077 | |
| Select group hotkey | 4454 | |
| Use ability | 760 | |
14991 total
» units
| Peasant | 26 | |
| Dragonhawk Rider | 17 | |
| Gryphon Rider | 15 | |
| Goblin Zeppelin | 3 | |
| Siege Engine | 5 | |
| Flying Machine | 20 | |
86 total
» upgrades
| Masonry | 3 | |
| Cloud | 1 | |
| Armor | 3 | |
| Lumber Harvesting | 2 | |
| Storm Hammers | 1 | |
| Swords | 3 | |
| Barrage | 1 | |
| Plating | 3 | |
| Gunpowder | 3 | |
| Animal War Training | 1 | |
| Magic Sentry | 1 | |
| Flak Cannons | 1 | |
| Flying Machine Bombs | 1 | |
24 total
» buildings
| Altar of Kings | 1 | |
| Farm | 15 | |
| Lumber Mill | 1 | |
| Scout Tower | 149 | |
| Guard Tower | 67 | |
| Arcane Tower | 4 | |
| Keep | 3 | |
| Castle | 1 | |
| Blacksmith | 1 | |
| Gryphon Aviary | 2 | |
| Arcane Vault | 1 | |
| Barracks | 1 | |
| Workshop | 5 | |
| Town Hall | 2 | |
| Arcane Sanctum | 1 | |
254 total
» build order
00:02 Altar of Kings
00:03 Farm
00:10 Farm
01:28 Lumber Mill
02:04 Farm
02:40 Scout Tower
02:41 Scout Tower
02:43 Scout Tower
02:53 Scout Tower
03:05 Scout Tower
03:10 Guard Tower
03:10 Guard Tower
03:11 Guard Tower
03:11 Guard Tower
03:16 Scout Tower
03:40 Arcane Tower
03:40 Arcane Tower
03:42 Guard Tower
03:42 Guard Tower
03:47 Scout Tower
04:04 Scout Tower
04:05 Scout Tower
04:07 Guard Tower
04:07 Guard Tower
04:59 Keep
04:59 Keep
05:33 Scout Tower
05:33 Scout Tower
05:35 Guard Tower
05:35 Guard Tower
06:48 Guard Tower
07:33 Castle
07:35 Farm
07:36 Blacksmith
07:48 Gryphon Aviary
08:50 Gryphon Aviary
08:51 Farm
09:17 Arcane Vault
09:44 Farm
09:49 Barracks
11:48 Farm
11:48 Farm
13:23 Farm
13:24 Farm
13:24 Farm
13:25 Farm
13:32 Scout Tower
13:34 Scout Tower
13:35 Scout Tower
17:32 Guard Tower
17:32 Guard Tower
20:54 Workshop
20:54 Workshop
23:12 Workshop
23:14 Workshop
23:15 Workshop
24:20 Town Hall
25:17 Farm
25:18 Farm
25:19 Farm
27:11 Scout Tower
27:12 Scout Tower
27:12 Scout Tower
27:13 Scout Tower
27:59 Arcane Sanctum
29:42 Scout Tower
29:42 Scout Tower
29:43 Scout Tower
29:47 Guard Tower
30:53 Guard Tower
30:53 Guard Tower
32:36 Guard Tower
32:36 Guard Tower
33:35 Scout Tower
33:37 Scout Tower
33:37 Scout Tower
33:37 Scout Tower
34:16 Scout Tower
34:17 Scout Tower
34:18 Scout Tower
34:18 Scout Tower
34:19 Scout Tower
34:20 Scout Tower
34:21 Scout Tower
34:22 Scout Tower
35:09 Guard Tower
35:10 Guard Tower
35:15 Guard Tower
35:15 Guard Tower
35:21 Scout Tower
35:21 Scout Tower
35:22 Scout Tower
35:22 Scout Tower
35:22 Scout Tower
35:23 Scout Tower
35:23 Scout Tower
35:24 Scout Tower
35:24 Scout Tower
35:25 Scout Tower
35:35 Scout Tower
35:36 Scout Tower
35:37 Scout Tower
35:38 Scout Tower
35:39 Scout Tower
35:40 Scout Tower
35:41 Scout Tower
35:42 Scout Tower
37:33 Guard Tower
37:34 Guard Tower
37:35 Guard Tower
43:43 Guard Tower
59:24 Scout Tower
59:26 Scout Tower
59:27 Scout Tower
59:28 Scout Tower
59:30 Scout Tower
59:31 Scout Tower
59:32 Scout Tower
59:32 Scout Tower
59:33 Scout Tower
59:34 Scout Tower
59:35 Scout Tower
59:36 Scout Tower
59:37 Scout Tower
59:38 Scout Tower
59:42 Scout Tower
59:43 Scout Tower
59:43 Scout Tower
60:56 Guard Tower
60:56 Guard Tower
61:13 Guard Tower
61:13 Guard Tower
64:43 Guard Tower
64:43 Guard Tower
64:46 Scout Tower
64:47 Scout Tower
64:47 Scout Tower
64:47 Scout Tower
64:50 Town Hall
65:09 Scout Tower
65:10 Scout Tower
65:10 Scout Tower
65:11 Scout Tower
65:11 Scout Tower
65:12 Scout Tower
66:02 Guard Tower
66:02 Guard Tower
66:14 Guard Tower
66:14 Guard Tower
68:05 Guard Tower
68:05 Guard Tower
79:03 Scout Tower
79:04 Scout Tower
79:05 Scout Tower
79:06 Scout Tower
79:07 Scout Tower
79:08 Scout Tower
79:09 Scout Tower
79:10 Scout Tower
79:12 Scout Tower
79:14 Scout Tower
79:15 Scout Tower
79:15 Scout Tower
79:16 Scout Tower
79:18 Scout Tower
79:19 Scout Tower
79:20 Scout Tower
79:22 Scout Tower
79:23 Scout Tower
79:24 Scout Tower
79:24 Scout Tower
79:27 Scout Tower
79:28 Scout Tower
79:29 Scout Tower
79:30 Scout Tower
79:31 Scout Tower
79:32 Scout Tower
79:34 Scout Tower
79:35 Scout Tower
79:37 Scout Tower
79:37 Scout Tower
79:39 Scout Tower
79:40 Scout Tower
82:53 Guard Tower
82:53 Guard Tower
82:58 Guard Tower
82:58 Guard Tower
85:16 Guard Tower
85:16 Guard Tower
85:20 Guard Tower
85:34 Scout Tower
85:34 Scout Tower
85:35 Scout Tower
85:36 Scout Tower
85:39 Scout Tower
85:40 Scout Tower
85:41 Scout Tower
85:42 Scout Tower
85:43 Scout Tower
85:44 Scout Tower
86:56 Scout Tower
86:57 Scout Tower
86:58 Scout Tower
86:59 Scout Tower
86:59 Scout Tower
86:59 Scout Tower
87:00 Scout Tower
87:01 Scout Tower
87:01 Scout Tower
87:03 Scout Tower
87:03 Scout Tower
88:47 Guard Tower
88:49 Guard Tower
88:50 Guard Tower
89:01 Guard Tower
89:04 Guard Tower
89:07 Guard Tower
89:39 Guard Tower
90:28 Guard Tower
92:25 Guard Tower
92:29 Guard Tower
92:34 Scout Tower
94:20 Guard Tower
94:20 Guard Tower
110:59 Arcane Tower
110:59 Arcane Tower
115:07 Scout Tower
115:08 Scout Tower
115:09 Scout Tower
115:09 Scout Tower
115:11 Scout Tower
115:11 Scout Tower
115:12 Scout Tower
115:13 Scout Tower
115:14 Scout Tower
115:15 Scout Tower
115:16 Scout Tower
115:17 Scout Tower
115:18 Scout Tower
115:18 Scout Tower
115:19 Scout Tower
115:20 Scout Tower
116:47 Guard Tower
117:08 Guard Tower
117:08 Guard Tower
» items
| Scroll of Regeneration | 2 | |
| Staff of Sanctuary | 3 | |
| Orb of Fire | 2 | |
| Scroll of Town Portal | 21 | |
| Mechanical Critter | 3 | |
| Lesser Clarity Potion | 1 | |
| Ankh of Reincarnation | 1 | |
| Belt of Giant Strength +6 | 1 | |
| Healing Wards | 1 | |
35 total
iggy_the_fisk (
blue | 108 APM | 13219 actions | 121:58)
8 Archmage
3 Summon Water Elemental
3 Brilliance Aura
1 Mass Teleport
1 Blizzard
9 Mountain King
3 Storm Bolt
3 Bash
1 Avatar
2 Thunder Clap
9 Paladin
3 Holy Light
3 Divine Shield
1 Resurrection
2 Devotion Aura
» actions
| Assign group hotkey | 352 | |
| Basic commands | 61 | |
| Build / train | 471 | |
| Enter build submenu | 269 | |
| Enter hero's abilities submenu | 26 | |
| Give item / drop item | 4 | |
| Remove unit from queue | 8 | |
| Right click | 6499 | |
| Select / deselect | 2169 | |
| Select group hotkey | 2066 | |
| Use ability | 1292 | |
13219 total
» units
| Peasant | 119 | |
| Goblin Zeppelin | 14 | |
| Gryphon Rider | 30 | |
| Flying Machine | 19 | |
182 total
» upgrades
| Masonry | 3 | |
| Lumber Harvesting | 2 | |
| Magic Sentry | 1 | |
| Storm Hammers | 1 | |
| Swords | 3 | |
| Plating | 3 | |
| Flak Cannons | 1 | |
| Flying Machine Bombs | 1 | |
| Armor | 3 | |
| Gunpowder | 3 | |
21 total
» buildings
| Altar of Kings | 1 | |
| Farm | 12 | |
| Lumber Mill | 5 | |
| Scout Tower | 310 | |
| Arcane Tower | 8 | |
| Guard Tower | 135 | |
| Arcane Vault | 10 | |
| Keep | 2 | |
| Town Hall | 5 | |
| Castle | 1 | |
| Arcane Sanctum | 1 | |
| Gryphon Aviary | 3 | |
| Blacksmith | 2 | |
| Workshop | 2 | |
497 total
» build order
00:03 Altar of Kings
00:12 Farm
00:15 Farm
01:09 Farm
02:19 Farm
02:33 Lumber Mill
02:44 Scout Tower
03:13 Arcane Tower
03:13 Arcane Tower
03:22 Scout Tower
03:50 Guard Tower
03:52 Scout Tower
03:57 Scout Tower
04:32 Guard Tower
04:33 Scout Tower
05:56 Scout Tower
05:59 Scout Tower
06:08 Guard Tower
06:12 Scout Tower
06:16 Guard Tower
06:17 Scout Tower
06:19 Scout Tower
06:21 Scout Tower
06:27 Guard Tower
06:28 Arcane Vault
06:31 Scout Tower
06:31 Guard Tower
06:33 Scout Tower
06:35 Scout Tower
06:37 Scout Tower
06:48 Keep
06:48 Keep
06:51 Scout Tower
06:52 Guard Tower
06:53 Guard Tower
07:02 Arcane Tower
07:03 Guard Tower
07:03 Guard Tower
07:20 Guard Tower
07:28 Guard Tower
07:34 Scout Tower
07:52 Scout Tower
08:00 Scout Tower
08:01 Scout Tower
08:04 Guard Tower
08:05 Guard Tower
08:17 Scout Tower
08:57 Guard Tower
08:58 Arcane Vault
09:02 Guard Tower
09:38 Scout Tower
10:14 Scout Tower
12:47 Scout Tower
13:47 Guard Tower
14:42 Guard Tower
14:55 Scout Tower
14:55 Scout Tower
15:56 Guard Tower
16:46 Town Hall
17:03 Scout Tower
17:04 Scout Tower
17:05 Scout Tower
17:43 Guard Tower
17:56 Guard Tower
17:56 Guard Tower
18:41 Castle
18:43 Guard Tower
18:44 Scout Tower
18:45 Scout Tower
18:46 Scout Tower
19:08 Scout Tower
19:09 Scout Tower
19:10 Scout Tower
19:10 Scout Tower
19:12 Guard Tower
19:14 Scout Tower
19:15 Guard Tower
19:17 Scout Tower
19:21 Scout Tower
19:21 Scout Tower
19:43 Guard Tower
20:04 Town Hall
20:06 Guard Tower
20:18 Guard Tower
20:23 Arcane Sanctum
20:24 Guard Tower
20:27 Scout Tower
20:28 Scout Tower
20:41 Scout Tower
20:46 Scout Tower
20:48 Guard Tower
20:52 Guard Tower
20:55 Arcane Vault
20:56 Guard Tower
21:01 Guard Tower
21:07 Arcane Vault
21:42 Farm
21:43 Farm
21:55 Guard Tower
21:59 Scout Tower
22:02 Lumber Mill
22:27 Scout Tower
22:28 Scout Tower
22:29 Scout Tower
22:30 Scout Tower
22:30 Scout Tower
22:31 Scout Tower
22:36 Scout Tower
22:50 Scout Tower
23:27 Scout Tower
23:31 Guard Tower
24:59 Scout Tower
25:00 Scout Tower
25:03 Guard Tower
25:27 Guard Tower
25:27 Guard Tower
26:09 Guard Tower
26:18 Scout Tower
26:35 Guard Tower
26:49 Guard Tower
26:51 Scout Tower
26:57 Scout Tower
26:59 Scout Tower
27:00 Scout Tower
27:03 Scout Tower
27:04 Scout Tower
27:05 Scout Tower
27:20 Guard Tower
27:21 Scout Tower
27:22 Scout Tower
28:21 Guard Tower
28:22 Scout Tower
28:23 Scout Tower
28:48 Guard Tower
29:05 Guard Tower
29:15 Guard Tower
29:51 Town Hall
29:56 Scout Tower
30:01 Scout Tower
30:02 Scout Tower
30:03 Scout Tower
30:03 Scout Tower
30:04 Scout Tower
30:04 Scout Tower
30:10 Guard Tower
30:11 Scout Tower
30:12 Scout Tower
30:24 Scout Tower
30:57 Guard Tower
31:37 Guard Tower
31:39 Scout Tower
31:42 Scout Tower
31:43 Scout Tower
32:00 Guard Tower
32:04 Scout Tower
32:05 Scout Tower
32:05 Scout Tower
32:06 Scout Tower
32:07 Scout Tower
32:07 Scout Tower
32:26 Guard Tower
32:34 Scout Tower
32:34 Scout Tower
32:50 Guard Tower
32:51 Scout Tower
32:53 Scout Tower
32:56 Scout Tower
33:00 Scout Tower
33:22 Guard Tower
33:36 Guard Tower
33:43 Scout Tower
33:46 Scout Tower
33:46 Scout Tower
33:49 Scout Tower
33:49 Scout Tower
33:51 Scout Tower
33:52 Scout Tower
34:02 Guard Tower
34:45 Arcane Vault
34:49 Scout Tower
34:50 Scout Tower
34:55 Scout Tower
34:56 Scout Tower
34:57 Guard Tower
35:06 Guard Tower
35:36 Guard Tower
35:50 Guard Tower
36:19 Scout Tower
36:20 Scout Tower
36:21 Scout Tower
36:22 Scout Tower
36:23 Scout Tower
36:24 Scout Tower
36:27 Scout Tower
36:28 Scout Tower
37:23 Guard Tower
37:30 Guard Tower
37:32 Arcane Vault
37:33 Scout Tower
37:34 Scout Tower
37:34 Scout Tower
37:35 Scout Tower
37:42 Scout Tower
37:43 Scout Tower
37:43 Scout Tower
37:44 Scout Tower
37:46 Scout Tower
37:50 Scout Tower
37:51 Scout Tower
37:51 Scout Tower
37:51 Scout Tower
37:52 Scout Tower
38:01 Scout Tower
38:02 Scout Tower
38:11 Guard Tower
38:15 Scout Tower
38:16 Scout Tower
38:41 Guard Tower
39:05 Guard Tower
39:17 Guard Tower
39:19 Scout Tower
39:39 Guard Tower
39:40 Scout Tower
39:41 Scout Tower
39:53 Scout Tower
39:54 Scout Tower
39:55 Scout Tower
39:55 Scout Tower
39:57 Scout Tower
39:58 Scout Tower
39:58 Scout Tower
39:59 Scout Tower
41:00 Scout Tower
41:03 Scout Tower
41:04 Scout Tower
41:04 Scout Tower
41:05 Scout Tower
41:18 Scout Tower
41:18 Scout Tower
41:33 Guard Tower
41:34 Scout Tower
41:35 Scout Tower
42:29 Guard Tower
43:12 Scout Tower
43:16 Scout Tower
43:32 Scout Tower
43:34 Scout Tower
43:34 Scout Tower
43:35 Scout Tower
43:36 Scout Tower
43:36 Scout Tower
43:37 Scout Tower
43:37 Scout Tower
43:41 Guard Tower
43:50 Guard Tower
45:14 Scout Tower
45:15 Scout Tower
45:16 Scout Tower
45:17 Scout Tower
45:26 Guard Tower
45:27 Scout Tower
45:27 Scout Tower
45:28 Scout Tower
45:29 Scout Tower
45:33 Scout Tower
45:33 Scout Tower
45:34 Scout Tower
45:34 Scout Tower
45:36 Scout Tower
45:37 Scout Tower
45:38 Scout Tower
45:38 Scout Tower
45:43 Arcane Tower
46:15 Guard Tower
46:16 Guard Tower
46:18 Scout Tower
46:31 Arcane Tower
46:35 Arcane Tower
47:10 Guard Tower
47:24 Guard Tower
47:25 Scout Tower
47:26 Scout Tower
47:44 Guard Tower
47:45 Scout Tower
47:46 Scout Tower
47:48 Scout Tower
47:49 Scout Tower
48:28 Guard Tower
48:29 Scout Tower
48:42 Guard Tower
48:46 Guard Tower
48:47 Guard Tower
48:48 Scout Tower
48:52 Scout Tower
49:00 Guard Tower
49:02 Scout Tower
49:03 Scout Tower
49:16 Gryphon Aviary
49:17 Gryphon Aviary
49:25 Blacksmith
49:26 Arcane Tower
50:10 Guard Tower
50:17 Scout Tower
50:19 Guard Tower
50:36 Gryphon Aviary
50:45 Workshop
50:47 Workshop
51:05 Blacksmith
51:22 Farm
51:23 Farm
51:24 Farm
52:30 Farm
52:31 Farm
52:58 Guard Tower
56:58 Town Hall
59:02 Scout Tower
59:03 Scout Tower
60:04 Scout Tower
60:05 Scout Tower
60:06 Guard Tower
60:09 Farm
60:23 Scout Tower
60:26 Scout Tower
60:32 Lumber Mill
60:35 Lumber Mill
60:37 Scout Tower
60:38 Scout Tower
60:39 Scout Tower
60:40 Scout Tower
60:41 Scout Tower
60:42 Scout Tower
60:43 Scout Tower
60:44 Scout Tower
60:51 Guard Tower
61:07 Guard Tower
61:09 Scout Tower
61:10 Scout Tower
61:14 Scout Tower
61:14 Scout Tower
61:38 Arcane Vault
61:39 Guard Tower
61:56 Guard Tower
62:59 Guard Tower
63:06 Scout Tower
63:07 Scout Tower
63:46 Guard Tower
65:12 Guard Tower
65:14 Scout Tower
65:15 Scout Tower
65:17 Guard Tower
65:19 Scout Tower
65:20 Scout Tower
65:21 Arcane Vault
66:18 Guard Tower
66:19 Scout Tower
66:20 Scout Tower
66:21 Scout Tower
67:16 Town Hall
67:17 Scout Tower
67:18 Scout Tower
67:19 Scout Tower
67:20 Scout Tower
67:21 Scout Tower
67:23 Scout Tower
67:24 Scout Tower
67:24 Scout Tower
67:25 Scout Tower
67:26 Scout Tower
67:38 Scout Tower
67:39 Scout Tower
67:42 Scout Tower
67:43 Scout Tower
67:44 Scout Tower
67:46 Guard Tower
67:51 Guard Tower
68:02 Guard Tower
69:25 Guard Tower
69:26 Scout Tower
69:27 Scout Tower
69:27 Scout Tower
69:28 Scout Tower
69:29 Scout Tower
69:29 Scout Tower
69:30 Scout Tower
69:31 Guard Tower
69:33 Scout Tower
69:33 Scout Tower
69:34 Scout Tower
69:35 Scout Tower
69:36 Guard Tower
69:37 Scout Tower
69:38 Scout Tower
69:40 Guard Tower
69:41 Scout Tower
70:09 Guard Tower
70:12 Guard Tower
70:14 Scout Tower
70:17 Guard Tower
70:36 Guard Tower
70:39 Scout Tower
70:40 Scout Tower
70:41 Scout Tower
70:41 Scout Tower
70:44 Guard Tower
70:45 Scout Tower
70:46 Scout Tower
70:46 Scout Tower
70:47 Scout Tower
70:49 Guard Tower
70:54 Scout Tower
70:54 Scout Tower
70:55 Scout Tower
70:56 Scout Tower
70:57 Scout Tower
71:23 Guard Tower
71:25 Scout Tower
71:25 Scout Tower
71:27 Scout Tower
71:28 Scout Tower
71:30 Scout Tower
71:31 Scout Tower
71:31 Scout Tower
71:33 Scout Tower
71:36 Guard Tower
72:23 Guard Tower
72:27 Guard Tower
72:30 Guard Tower
72:35 Lumber Mill
72:37 Scout Tower
72:38 Scout Tower
72:38 Scout Tower
72:39 Scout Tower
72:40 Scout Tower
72:41 Scout Tower
73:06 Guard Tower
73:36 Guard Tower
73:48 Guard Tower
73:55 Scout Tower
73:56 Guard Tower
74:06 Guard Tower
74:11 Scout Tower
74:50 Guard Tower
74:58 Guard Tower
75:00 Scout Tower
75:01 Scout Tower
75:04 Scout Tower
75:35 Guard Tower
75:37 Scout Tower
75:38 Scout Tower
76:36 Guard Tower
84:59 Scout Tower
85:00 Scout Tower
85:01 Scout Tower
85:01 Scout Tower
85:02 Scout Tower
87:23 Guard Tower
88:34 Arcane Vault
90:14 Scout Tower
92:38 Scout Tower
92:39 Scout Tower
94:40 Guard Tower
94:46 Arcane Vault
102:32 Scout Tower
102:33 Scout Tower
104:11 Guard Tower
104:12 Scout Tower
104:16 Scout Tower
105:05 Guard Tower
109:09 Scout Tower
109:39 Guard Tower
111:45 Scout Tower
112:47 Guard Tower
115:46 Scout Tower
115:47 Scout Tower
115:57 Scout Tower
115:58 Scout Tower
116:51 Guard Tower
118:20 Scout Tower
119:07 Scout Tower
119:08 Scout Tower
119:09 Scout Tower
119:19 Guard Tower
119:19 Guard Tower
119:19 Guard Tower
119:29 Scout Tower
119:30 Scout Tower
119:34 Scout Tower
119:34 Scout Tower
119:41 Guard Tower
119:43 Scout Tower
119:44 Scout Tower
119:44 Scout Tower
119:45 Scout Tower
» items
| Scroll of Town Portal | 36 | |
| Staff of Sanctuary | 3 | |
| Scroll of Regeneration | 21 | |
| Potion of Healing | 1 | |
| Orb of Fire | 3 | |
| Ankh of Reincarnation | 1 | |
| Amulet of the Wild | 1 | |
| Sobi Mask | 1 | |
| Health Stone | 1 | |
| Ivory Tower | 2 | |
| Lesser Clarity Potion | 1 | |
71 total
Mata. (
yellow | 120 APM | 14596 actions | 121:59)
10 Pandaren Brewmaster
3 Breath of Fire
3 Drunken Brawler
1 Storm Earth and Fire
3 Drunken Haze
9 Naga Sea Witch
3 Frost Arrows
3 Forked Lightning
1 Tornado
2 Mana Shield
8 Firelord
3 Soul Burn
3 Incinerate
1 Volcano
1 Summon Lava Spawn
» actions
| Assign group hotkey | 1271 | |
| Basic commands | 63 | |
| Build / train | 259 | |
| Enter build submenu | 60 | |
| Enter hero's abilities submenu | 28 | |
| Give item / drop item | 11 | |
| Remove unit from queue | 8 | |
| Right click | 7476 | |
| Select / deselect | 2831 | |
| Select group hotkey | 1942 | |
| Use ability | 647 | |
14596 total
» units
| Wisp | 74 | |
| Glaive Thrower | 3 | |
| Goblin Shredder | 2 | |
| Goblin Zeppelin | 12 | |
| Dryad | 15 | |
| Druid of the Claw | -3 | |
| Hippogryph | 31 | |
| Chimaera | 10 | |
144 total
» upgrades
| Vorpal Blades | 1 | |
| Nature's Blessing | 1 | |
| Abolish Magic | 1 | |
| Druid of the Claw Training | 1 | |
| Corrosive Breath | 1 | |
| Well Spring | 1 | |
| Ultravision | 1 | |
| Strength of the Wild | 3 | |
| Reinforced Hides | 3 | |
13 total
» buildings
| Moon Well | 13 | |
| Tree of Life | 13 | |
| Ancient of War | 5 | |
| Altar of Elders | 4 | |
| Tree of Ages | 8 | |
| Hunter's Hall | 4 | |
| Ancient of Wonders | 2 | |
| Ancient of Lore | 4 | |
| Tree of Eternity | 4 | |
| Ancient of Wind | 2 | |
| Chimaera Roost | 3 | |
62 total
» build order
00:17 Moon Well
00:51 Tree of Life
01:33 Ancient of War
02:06 Altar of Elders
03:56 Moon Well
04:08 Moon Well
04:08 Moon Well
04:09 Moon Well
05:28 Tree of Ages
05:28 Tree of Ages
06:57 Hunter's Hall
08:03 Hunter's Hall
08:04 Ancient of War
08:34 Tree of Life
08:35 Ancient of War
08:56 Tree of Life
09:02 Ancient of War
09:15 Ancient of War
09:54 Ancient of Wonders
17:07 Altar of Elders
18:36 Tree of Life
20:04 Hunter's Hall
20:15 Moon Well
20:19 Moon Well
20:22 Moon Well
20:55 Tree of Ages
22:24 Moon Well
23:37 Ancient of Lore
23:37 Ancient of Lore
25:10 Ancient of Wonders
25:36 Ancient of Lore
25:37 Ancient of Lore
26:27 Altar of Elders
27:37 Moon Well
28:46 Moon Well
30:31 Tree of Life
34:08 Tree of Ages
38:08 Tree of Life
38:09 Tree of Life
38:14 Tree of Eternity
43:45 Tree of Life
47:07 Ancient of Wind
51:55 Tree of Life
52:50 Tree of Life
55:17 Tree of Ages
55:17 Tree of Ages
55:20 Chimaera Roost
55:21 Chimaera Roost
55:21 Chimaera Roost
59:45 Hunter's Hall
60:58 Tree of Eternity
60:58 Tree of Eternity
66:13 Tree of Life
88:44 Tree of Life
93:46 Altar of Elders
94:36 Tree of Life
107:02 Moon Well
107:02 Moon Well
112:22 Ancient of Wind
» items
| Scroll of Town Portal | 12 | |
| Staff of Sanctuary | 3 | |
| Sobi Mask | 2 | |
| Book of the Dead | 1 | |
| Alleria's Flute of Accuracy | 1 | |
| Orb of Fire | 1 | |
| Inferno Stone | 4 | |
| Boots of Quel'Thalas +6 | 2 | |
| Potion of Mana | 1 | |
| The Lion Horn of Stormwind | 1 | |
| Belt of Giant Strength +6 | 3 | |
| Robe of the Magi +6 | 2 | |
| Health Stone | 1 | |
| Runed Bracers | 1 | |
35 total
tIMG4strok (
teal | 130 APM | 15865 actions | 121:58)
10 Demon Hunter
3 Mana Burn
3 Evasion
1 Metamorphosis
3 Immolation
8 Pandaren Brewmaster
3 Breath of Fire
1 Drunken Haze
3 Drunken Brawler
1 Storm Earth and Fire
» actions
| Assign group hotkey | 72 | |
| Basic commands | 257 | |
| Build / train | 188 | |
| ESC pressed | 15 | |
| Enter build submenu | 40 | |
| Enter hero's abilities submenu | 18 | |
| Give item / drop item | 7 | |
| Right click | 8257 | |
| Select / deselect | 886 | |
| Select group hotkey | 5689 | |
| Use ability | 436 | |
15865 total
» units
| Wisp | 40 | |
| Dryad | 36 | |
| Chimaera | 25 | |
| Goblin Zeppelin | 1 | |
102 total
» upgrades
| Ultravision | 1 | |
| Strength of the Wild | 3 | |
| Reinforced Hides | 3 | |
| Abolish Magic | 1 | |
| Nature's Blessing | 1 | |
| Corrosive Breath | 1 | |
| Well Spring | 1 | |
11 total
» buildings
| Tree of Life | 5 | |
| Moon Well | 18 | |
| Altar of Elders | 2 | |
| Tree of Ages | 3 | |
| Hunter's Hall | 1 | |
| Ancient of Wind | 1 | |
| Ancient of Lore | 3 | |
| Ancient of Wonders | 2 | |
| Tree of Eternity | 2 | |
| Chimaera Roost | 5 | |
42 total
» build order
01:03 Tree of Life
01:11 Moon Well
01:19 Altar of Elders
02:40 Tree of Ages
05:07 Hunter's Hall
05:09 Ancient of Wind
06:05 Moon Well
06:27 Ancient of Lore
06:32 Ancient of Lore
06:38 Ancient of Lore
07:20 Moon Well
07:32 Ancient of Wonders
08:14 Tree of Eternity
10:41 Chimaera Roost
10:42 Chimaera Roost
10:45 Moon Well
10:47 Moon Well
14:44 Chimaera Roost
18:18 Moon Well
20:28 Tree of Life
26:08 Moon Well
26:09 Moon Well
26:44 Tree of Ages
28:47 Moon Well
28:48 Moon Well
28:49 Moon Well
28:50 Moon Well
31:09 Altar of Elders
32:20 Moon Well
33:32 Tree of Life
34:17 Moon Well
35:11 Tree of Life
47:06 Tree of Ages
52:00 Tree of Eternity
57:05 Chimaera Roost
57:07 Moon Well
57:08 Moon Well
65:57 Tree of Life
81:25 Ancient of Wonders
104:52 Moon Well
104:53 Moon Well
108:27 Chimaera Roost
» items
| Scroll of Regeneration | 5 | |
| Staff of Preservation | 3 | |
| Orb of Venom | 1 | |
| Potion of Healing | 11 | |
| Scroll of Town Portal | 17 | |
| Boots of Quel'Thalas +6 | 3 | |
| Belt of Giant Strength +6 | 1 | |
| Talisman of the Wild | 1 | |
| Inferno Stone | 2 | |
| Ankh of Reincarnation | 2 | |
| Potion of Divinity | 2 | |
| Runed Bracers | 1 | |
| Orb of Fire | 1 | |
50 total
Chat log
(00:03 / All) goonswithspoons: WHAT%
(00:07 / All) NADMaN: lol
(00:18 / All) Mata.: gl hf
(00:25 / All) goonswithspoons: *-_GOOD GAME GOOD LUCK MANNER UP_-
(00:28 / All) bLinn: who are you guys
(01:47 / All) tIMG4strok: towers sweet
(40:14 / All) tIMG4strok: fuck this game fuck this pathing
(51:19 / All) NADMaN: Are
(51:20 / All) NADMaN: you f
(51:21 / All) NADMaN: Fuckign
(51:22 / All) NADMaN: serious
(51:34 / All) tIMG4strok: ?
(51:35 / All) tIMG4strok: ? ?
(51:37 / All) tIMG4strok: ? ? ?
(83:41 / All) Mata.: if all goldmines run out i'm declaring stalemate
(110:44 / All) Mata.: that was a gg zep kill
(120:53 / All) NADMaN: ggggggggggggg
(120:56 / All) Mata.: gg
(120:58 / All) GOKUMaN69: Gg
(120:58 / All) bLinn: gg
(121:00 / All) NADMaN: got to the perch first..
(121:13 / All) bLinn: another victory for the gilderbase...
(121:13 / All) NADMaN: also my tc was a balla
(121:19 / All) Mata.: your blade more like
(121:23 / All) tIMG4strok: darkterror mvp sorry,
(121:24 / All) NADMaN: everyone was :)
(121:25 / All) Mata.: extended game for about 10 hours
(121:32 / All) NADMaN: hehe
(121:36 / All) NADMaN: l8r
(121:41 / All) Mata.: gg
(121:42 / All) OOLONG420: GG